 Dungeon Crawl Stone Soup version 0.26-a0-651-gb41185065b (webtiles) character file.

Game seed: 11099340065836580928

395 ipx the Digger (level 6, -3/32 HPs)
             Began as a Deep Elf Earth Elementalist on Oct 31, 2020.
             Was an Initiate of Sif Muna.
             Shot with an arrow by a centaur (4 damage)
             ... on level 6 of the Dungeon.
             The game lasted 00:24:13 (1377 turns).

ipx the Digger (Deep Elf Earth Elementalist)        Turns: 1377, Time: 00:24:14

Health: -3/32      AC:  3    Str:  5    XL:     6   Next: 52%
Magic:  13/15      EV: 13    Int: 22    God:    Sif Muna [......]
Gold:   111        SH:  0    Dex: 15    Spells: 4/15 levels left

rFire    . . .     SeeInvis .   a - +0 halberd
rCold    . . .     Faith    .   (shield currently unavailable)
rNeg     . . .     Spirit   .   c - +0 robe
rPois    .         Reflect  .   f - +1 hat
rElec    .         Harm     .   (no cloak)
rCorr    .         Rampage  .   (no gloves)
MR       .....                  (no boots)
Stlth    ++........             (no amulet)
HPRegen  0.10/turn              (no ring)
MPRegen  0.14/turn              (no ring)

@: no status effects
A: no striking features
a: Renounce Religion


You were on level 6 of the Dungeon.
You worshipped Sif Muna.
Sif Muna was noncommittal.
You visited 2 branches of the dungeon, and saw 7 of its levels.

You collected 111 gold pieces.

Inventory:

Hand Weapons
 a - a +0 halberd (weapon)
Missiles
 b - 7 stones
 e - 24 poisoned darts (quivered)
Armour
 c - a +0 robe (worn)
 f - a +1 hat (worn)
 k - a +0 leather armour
Jewellery
 F - an uncursed ring of fire
Wands
 m - a wand of enslavement (15)
Scrolls
 d - 3 scrolls of remove curse {unknown}
 g - 2 scrolls of teleportation {unknown}
 h - a scroll of noise {unknown}
 i - a scroll of magic mapping
 l - a scroll of random uselessness {unknown}
 n - a scroll of identify {unknown}
 q - a scroll of blinking {unknown}
Potions
 j - 2 potions of curing
 o - a potion of heal wounds {unknown}
 p - a potion of degeneration {unknown}


   Skills:
 - Level 3.0 Throwing
 - Level 2.4 Dodging
 - Level 2.4 Stealth
 - Level 5.0 Spellcasting
 + Level 3.2 Conjurations
 - Level 1.1 Transmutations
 + Level 5.4 Earth Magic


You had 4 spell levels left.
You knew the following spells:

 Your Spells              Type           Power        Failure   Level
d - Lee's Rapid Deconstr  Erth           ####......   30%         5
q - Sandblast             Erth           ####..       1%          1
r - Stone Arrow           Conj/Erth      ###...       5%          3
w - Passwall              Tmut/Erth      ###.....     4%          2

Your spell library contained the following spells:

 Spells                   Type           Power        Failure   Level
 Petrify                  Tmut/Erth      ###.....     26%         4


Dungeon Overview and Level Annotations

Branches:
Dungeon (6/15)             Temple (1/1) D:4

Altars:
Ashenzari
Dithmenos
Elyvilon
Fedhas
Gozag
Kikubaaqudgha
Nemelex Xobeh
Okawaru
Qazlal
Ru
Sif Muna
Uskayaw
Vehumet
Wu Jian
Xom
Yredelemnul
The Shining One

Annotations:
D:4 2 runed translucent doors, kae's ghost, amateur DrTm


Message History

You swing at nothing.
You swing at nothing.
You swing at nothing.
You swing at nothing.
You swing at nothing.
You swing at nothing.
You swing at nothing.
You swing at nothing.
You swing at nothing.
You swing at nothing.
You swing at nothing.
Okay, then.
You hear the slow hiss of a very distant avalanche of sand.
The centaur shouts!
The centaur wields a +0 shortbow.
The centaur shoots an arrow.
The arrow hits you!
Ouch! That really hurt!
* * * LOW HITPOINT WARNING * * *
The centaur shoots an arrow.
The arrow hits you.
You die...

. ...
.!..c..##########
................#
...>.....$@.....#
........###.(##.#
....>.. #..###.###
....... #.#......#
.../...###<#......#
..#.....#......#
..................#
.......#####......#
....... #......#


You could see a centaur.

Vanquished Creatures
  2 bullfrogs (D:6)
  2 hounds (D:4)
  A gnoll shaman (D:5)
  A worker ant (D:4)
  A worker ant zombie (D:5)
  2 gnolls (D:5)
  4 adders
  A white imp (D:5)
  An ooze (D:1)
  3 worms
  A leopard gecko (D:1)
  An orc (D:5)
  4 giant cockroaches
  3 goblins (D:1)
  5 hobgoblins
  6 jackals
  5 bats
  4 frilled lizards
  5 kobolds
  A quokka zombie (D:5)
  5 rats
58 creatures vanquished.

Vanquished Creatures (collateral kills)
  An orc wizard (D:5)
  A hound skeleton (D:6)
  2 orcs (D:5)
  A jackal (D:4)
5 creatures vanquished.

Vanquished Creatures (others)
  A gnoll (D:5)
1 creature vanquished.

Grand Total: 64 creatures vanquished

Notes
Turn   | Place    | Note
-------+----------+-------------------------------------------
     0 | D:1      | ipx the Deep Elf Earth Elementalist began the quest for the
                  | Orb.
     0 | D:1      | Reached XP level 1. HP: 10/10 MP: 6/6
   110 | D:2      | Reached XP level 2. HP: 15/15 MP: 4/8
   114 | D:2      | Learned a level 2 spell: Passwall
   276 | D:3      | Reached XP level 3. HP: 19/19 MP: 5/10
   311 | D:3      | Learned a level 3 spell: Stone Arrow
   321 | D:3      | Found an ornate altar of the Wu Jian Council.
   323 | D:3      | Found a shimmering blue altar of Sif Muna.
   323 | D:3      | Found a shimmering altar of Xom.
   325 | D:3      | Found a basalt altar of Yredelemnul.
   325 | D:3      | Found a radiant altar of Vehumet.
   325 | D:3      | Found a hide-covered altar of Uskayaw.
   422 | D:4      | Found a sacrificial altar of Ru.
   491 | D:4      | Found a blossoming altar of Fedhas.
   571 | D:4      | Reached skill level 1 in Throwing
   571 | D:4      | Reached XP level 4. HP: 24/24 MP: 7/12
   693 | D:1      | Reached skill level 1 in Conjurations
   954 | D:2      | Reached XP level 5. HP: 28/28 MP: 12/14
   969 | D:3      | Learned a level 5 spell: Lee's Rapid Deconstruction
  1008 | D:4      | Noticed a sky beast
  1074 | D:4      | Found a large runed translucent door.
  1075 | D:4      | Found a large runed translucent door.
  1075 | D:4      | Noticed kae's ghost (amateur DrTm)
  1104 | D:4      | Reached skill level 5 in Spellcasting
  1127 | D:4      | Found a staircase to the Ecumenical Temple.
  1133 | Temple   | Entered the Ecumenical Temple
  1149 | Temple   | Became a worshipper of Sif Muna the Loreminder
  1190 | D:5      | Entered Level 5 of the Dungeon
  1252 | D:5      | Noticed an orc warrior
  1264 | D:5      | Reached skill level 5 in Earth Magic
  1299 | D:6      | Reached XP level 6. HP: 7/32 MP: 0/15
  1377 | D:6      | HP: 1/32 [centaur/arrow (16)]
  1377 | D:6      | Shot with an arrow by a centaur

Illustrated notes

Levels and vault maps discovered:
D:1:      sevenhm_arrival_forest_fort_small_6, layout_loops_cross,
          kennysheep_nondescript, minmay_statues_item
D:2:      layout_basic, uniq_crazy_yiuf_cottage
D:3:      layout_basic, doesnt_xom_only_xom
D:4:      layout_basic, lemuel_doored_altar, minmay_temple_entry_nine_rooms,
          ebering_ghost_disaster_area, fedhas_ov_isle_minmay
D:5:      layout_gridville, minmay_door_square, minivault_11
D:6:      layout_rooms, kennysheep_little_box, nicolae_ossuary_entry_catacombs
Temple:   compressed_dpeg_circular_temple

Skill      XL: |  1  2  3  4  5  6 |
---------------+-------------------+-----
Spellcasting   | 4 5 |  5.0
Earth Magic    | 4 5 |  5.4
Throwing       | 1 2 3 |  3.0
Conjurations   | 1 2 3 |  3.2
Dodging        | |  2.4
Stealth        | |  2.4
Transmutations | |  1.1

Action                   |  1- 3 |  4- 6 || total
-------------------------+-------+-------++-------
Throw: Dart              |       |    14 ||    14
 Cast: Sandblast         |    43 |    58 ||   101
       Passwall          |     2 |     3 ||     5
       Stone Arrow       |       |     4 ||     4
Evoke: Wand              |     1 |     4 ||     5
  Use: Scroll            |     1 |       ||     1
       Potion            |     1 |       ||     1
Armor: Robe              |     2 |     3 ||     5
Dodge: Dodged            |    16 |    23 ||    39

Table legend: (Time is in decaauts)
 A = Elapsed time spent in this place.
 B = Non-inter-level travel time spent in this place.
 C = Inter-level travel time spent in this place.
 D = Time resting spent in this place.
 E = Time spent auto-exploring this place.
 F = Levels seen in this place.
 G = Mean time per level.
                   A        B        C        D        E       F      G
               +--------+--------+--------+--------+--------+-----+--------+
         Total |   1430 |   1424 |      6 |      0 |      0 |   7 |  204.3 |
       Dungeon |   1404 |   1404 |      0 |      0 |      0 |   6 |  234.0 |
        Temple |     25 |     19 |      6 |      0 |      0 |   1 |   25.0 |
               +--------+--------+--------+--------+--------+-----+--------+

Top non-repeatable levels by time:
     D:4: 383 daAuts
     D:2: 308 daAuts
     D:1: 259 daAuts
     D:3: 245 daAuts
     D:5: 103 daAuts
     D:6: 102 daAuts
  Temple: 25 daAuts
